 Dungeon Crawl Stone Soup version 0.30.1-4-g462c640d31 (webtiles) character file.

Game seed: 552673062238318622

28 eliilek the Covered (level 3, 0/33 HPs)
             Began as a Minotaur Fighter on Aug 20, 2023.
             Slain by Crazy Yiuf
             ... wielding a +4 quarterstaff of chaos
              (2 damage)
             ... on level 2 of the Dungeon.
             The game lasted 00:04:22 (816 turns).

eliilek the Covered (Minotaur Fighter)               Turns: 816, Time: 00:04:23

Health: 0/33       AC:  7    Str: 20    XL:     3   Next: 0%
Magic:  2/2        EV:  9    Int:  5    God:
Gold:   106        SH:  4    Dex: 11    Spells: 2/2 levels left

rFire   . . .        a - +0 flail
rCold   . . .        c - +0 buckler
rNeg    . . .        e - +0 scale mail
rPois   .            (helmet restricted)
rElec   .            (no cloak)
rCorr   .            (no gloves)
SInv    .            (no boots)
Will    .....        (no amulet) Stlth
                     (no ring)
HPRegen 0.25/turn    (no ring)
MPRegen 0.08/turn

%: no passive effects
@: mighty, slowed, very slow
A: horns 2, retaliatory headbutt
a: no special abilities


You were on level 2 of the Dungeon.
You visited 1 branch of the dungeon, and saw 2 of its levels.

You collected 106 gold pieces.

Inventory:

Hand Weapons
 a - a +0 flail (weapon)
 b - a +0 sling
Missiles
 k - 4 poisoned darts
Armour
 c - a +0 buckler (worn)
 e - a +0 scale mail (worn)
Scrolls
 g - a scroll of immolation {unknown}
 h - 5 scrolls of identify {unknown}
 i - a scroll of poison {unknown}
 j - a scroll of enchant weapon {unknown}
Potions
 d - a potion of might


   Skills:
 + Level 3.9 Fighting
 * Level 3.1 Maces & Flails
 + Level 0.3 Ranged Weapons
 * Level 4.1 Armour
 + Level 3.8 Shields


You had 2 spell levels left.
You didn't know any spells.
Your spell library was empty.

Dungeon Overview and Level Annotations

Branches:
Dungeon (2/15)

Altars:

Annotations:
D:2 Crazy Yiuf


Innate Abilities, Weirdness & Mutations

You have a pair of horns on your head.
You reflexively headbutt those who attack you in melee.


Message History

The adder barely misses you. You furiously retaliate!
You headbutt the adder!
You kill the adder!
You have reached level 3!
Your experience leads to an increase in your attributes!
Increase (S)trength, (I)ntelligence, or (D)exterity?
You feel agile. x2
b - a +0 sling (weapon)
You feel sick.
You feel sick.
You feel sick.
You feel sick.
You feel sick.
You are no longer poisoned.
HP restored.
Found a hammer.
Found a runed translucent door.
a - a +0 flail (weapon)
Crazy Yiuf shouts!
You open the door. You sock Crazy Yiuf!
Crazy Yiuf is heavily wounded.
Crazy Yiuf hits you with a +4 quarterstaff of chaos!
Crazy Yiuf burns you.
Crazy Yiuf grits, "Shower!"
Crazy Yiuf closely misses you.
You barely miss Crazy Yiuf.
Crazy Yiuf is heavily wounded.
Crazy Yiuf barely misses you.
Sorry, you're not good enough to have a special ability.
You hit Crazy Yiuf but do no damage.
Crazy Yiuf is heavily wounded.
Crazy Yiuf hits you with a +4 quarterstaff of chaos.
You feel yourself slow down.
You feel very mighty all of a sudden.
Crazy Yiuf hits you with a +4 quarterstaff of chaos.
Crazy Yiuf freezes you.
* * * LOW HITPOINT WARNING * * *
Crazy Yiuf hits you with a +4 quarterstaff of chaos!
* * * LOW HITPOINT WARNING * * *
Space warps around you.
You die...

## ##### #.. ####
#)..# #..#####...
#...# ###.........
... #.#####.....
#g# #.# #..... ♣@♣♣
#<# #..(.. ♣♣.♣ #.#
#..... ♣.♣♣
#.#####..... ♣♣.♣
#........).. ♣♣.♣♣
#.#####..†.. ♣♣P..♣
#..## #..... ♣..P.♣
##..###...†. #....#
##.........
#....######........


You could see Crazy Yiuf.

Vanquished Creatures
  An adder (D:2)
  A dart slug (D:2)
  4 ball pythons (D:1)
  An endoplasm (D:1)
  A giant cockroach (D:1)
  3 goblins
  2 bats (D:1)
  A frilled lizard (D:1)
  4 rats
18 creatures vanquished.

Notes
Turn   | Place    | Note
-------+----------+-------------------------------------------
     0 | D:1      | eliilek the Minotaur Fighter began the quest for the Orb.
     0 | D:1      | Reached XP level 1. HP: 19/19 MP: 0/0
   290 | D:1      | Reached XP level 2. HP: 27/27 MP: 1/1
   346 | D:1      | Reached skill level 4 in Armour
   755 | D:2      | Reached XP level 3. HP: 28/33 MP: 2/2
   807 | D:2      | Found a runed translucent door.
   809 | D:2      | Noticed Crazy Yiuf
   816 | D:2      | Slain by Crazy Yiuf

Illustrated notes

Levels and vault maps discovered:
D:1:      mrwooster_arrival_statue_3, layout_loops_ring
D:2:      layout_rooms, uniq_crazy_yiuf_cottage

Skill      XL: |  1  2 |
---------------+-------+-----
Armour         | 4 |  4.1
Maces & Flails | 3 |  3.1
Fighting       | |  3.9
Ranged Weapons | |  0.3
Shields        | |  3.8

Action                     || total
---------------------------++-------
  Melee: Flail             ||    40
         Headbutt          ||     4
   Fire: Sling             ||    19
    Use: Potion            ||     1
 Armour: Scale mail        ||    16
  Dodge: Dodged            ||    19
  Block: Buckler           ||    11
